 Dungeon Crawl Stone Soup version 0.31-a0-188-g5e087ee2ca (webtiles) character file.

Game seed: 6774593817288903039

332 qw the Skirmisher (level 6, -2/35 HPs)
             Began as a Deep Elf Hunter on June 23, 2023.
             Slain by a steam dragon (6 damage)
             ... on level 4 of the Dungeon.
             The game lasted 00:01:04 (2378 turns).

qw the Skirmisher (Deep Elf Hunter)                 Turns: 2378, Time: 00:01:04

Health: -2/35      AC:  6    Str: 10    XL:     6   Next: 26%
Magic:  8/8        EV:  9    Int: 14    God:
Gold:   161        SH:  0    Dex: 18    Spells: 5/5 levels left

rFire   . . .        Y - +1 shortbow
rCold   . . .        (shield currently unavailable)
rNeg    . . .        e - +0 scale mail
rPois   .            (no helmet)
rElec   .            (no cloak)
rCorr   .            (no gloves)
SInv    .            (no boots)
Will    .....        (no amulet)
Stlth   +            (no ring)
HPRegen 0.25/turn    (no ring)
MPRegen 0.11/turn

%: no passive effects
@: no status effects
A: no striking features
a: no special abilities


You were on level 4 of the Dungeon.
You visited 1 branch of the dungeon, and saw 4 of its levels.

You collected 161 gold pieces.


   Skills:
 - Level 2.0 Fighting
 + Level 9.1 Ranged Weapons
 - Level 1.8 Armour
 - Level 2.4 Dodging
 - Level 1.2 Stealth


You had 5 spell levels left.
You didn't know any spells.
Your spell library was empty.

Inventory:

Hand Weapons
 Y - a +1 shortbow (weapon)
Armour
 e - a +0 scale mail (worn)
Wands
 f - a wand of digging (7)
Scrolls
 a - a scroll of identify
Potions
 b - a potion of invisibility {unknown}
 c - a potion of haste {unknown}
 d - a potion of curing {unknown}
 h - a potion of might {unknown}
 i - a potion of enlightenment {unknown}

Dungeon Overview and Level Annotations

Branches:
Dungeon (4/15)
 Temple: D:4-7

Altars:
Hepliaklqana


Message History

The arrow barely misses the steam dragon.
The steam dragon bites you but does no damage.
The steam dragon completely misses you.
You shoot an arrow.
The arrow hits the steam dragon but does no damage.
The steam dragon is moderately wounded.
The steam dragon closely misses you.
The steam dragon claws you but does no damage.
You shoot an arrow.
The arrow hits the steam dragon but does no damage.
The steam dragon is moderately wounded.
The steam dragon bites you. The steam dragon claws you.
The steam dragon breathes steam at you. The ball of steam misses you.
You shoot an arrow. The arrow hits the steam dragon!
The steam dragon is heavily wounded.
You are engulfed in a cloud of scalding steam.
The steam dragon bites you. The steam dragon barely misses you.
You shoot an arrow.
The arrow hits the steam dragon but does no damage.
The steam dragon is heavily wounded.
You are engulfed in a cloud of scalding steam.
The steam dragon bites you. The steam dragon closely misses you.
You shoot an arrow. The arrow hits the steam dragon.
The steam dragon is severely wounded.
You are engulfed in a cloud of scalding steam.
The steam dragon breathes steam at you. The ball of steam misses you.
You shoot an arrow.
The arrow hits the steam dragon but does no damage.
The steam dragon is severely wounded.
You are engulfed in a cloud of scalding steam.
The steam dragon barely misses you. The steam dragon closely misses you.
The steam dragon bites you.
The steam dragon claws you but does no damage.
You shoot an arrow.
The arrow hits the steam dragon but does no damage.
The steam dragon is severely wounded.
The steam dragon bites you.
You die...

##.##....#.....................#
#8.8#....#...###..##############
##.##........###..#
##.##...........¤.###
#8.8##'##......¤.¤..#
##.##........###¤.#.#
##'##....#+#......#.#
....................#
............####@##.#
............# #D######
..#.........# #......#
.....#+#....# #'####.# .....#
..... .... ...... ..........
..).... .........# #..#.##
.......## ........ ........


You could see a steam dragon (catching breath).

Vanquished Creatures
  An ogre (D:4)
  A scorpion (D:3)
  Jessica (D:3)
  An iguana (D:4)
  5 adders
  3 dart slugs
  5 orcs (D:3)
  5 ball pythons
  6 endoplasms
  4 giant cockroaches
  9 goblins
  2 hobgoblins
  12 jackals
  3 kobolds
  5 quokkas
  3 bats
  2 frilled lizards
  7 rats
75 creatures vanquished.

Notes
Turn   | Place    | Note
-------+----------+-------------------------------------------
     0 | D:1      | qw the Deep Elf Hunter began the quest for the Orb.
     0 | D:1      | Reached XP level 1. HP: 12/12 MP: 3/3
     0 | D:1      | 0 ||| qw: Version: 0.3-a-9-g12657ce
     0 | D:1      | 0 ||| qw: Game counter: 3633
     0 | D:1      | 0 ||| qw: Always use a shield: true
     0 | D:1      | 0 ||| qw: God list: Okawaru
     0 | D:1      | 0 ||| qw: Allow faded altars: false
     0 | D:1      | 0 ||| qw: Do Orc after D:15 true
     0 | D:1      | 0 ||| qw: Do second Lair branch before Depths: true
     0 | D:1      | 0 ||| qw: Lair rune preference: random
     0 | D:1      | 0 ||| qw: Plans: Normal
     0 | D:1      | 0 ||| PLANNING D:1-11
   141 | D:1      | Found a faded altar of an unknown god.
   239 | D:1      | Reached skill level 6 in Ranged Weapons
   239 | D:1      | Reached XP level 2. HP: 16/16 MP: 4/4
   785 | D:1      | 785 ||| DROPPING scroll of butterflies.
   951 | D:2      | Reached XP level 3. HP: 20/20 MP: 5/5
   969 | D:2      | HP: 5/20 [jackal (2)]
   974 | D:2      | HP: 5/20 [jackal (2)]
  1167 | D:2      | Reached skill level 7 in Ranged Weapons
  1175 | D:2      | Found a hazy altar of Hepliaklqana.
  1220 | D:2      | 1220 ||| FLEEEEING.
  1227 | D:2      | 1227 ||| FLEEEEING.
  1228 | D:2      | 1228 ||| FLEEEEING.
  1546 | D:2      | 1546 ||| UPGRADING to +0 scale mail.
  1556 | D:2      | 1556 ||| DROPPING +0 leather armour.
  1557 | D:2      | 1557 ||| READING 2 scrolls labelled ALEEHO YCRUECE.
  1558 | D:2      | 1558 ||| READING scroll labelled HUPOYN TELIG.
  1559 | D:2      | 1559 ||| READING scroll labelled ZOSHRE UFUSH.
  1560 | D:2      | 1560 ||| READING 2 scrolls labelled NYSKUC FEINT.
  1565 | D:2      | 1565 ||| READING scroll labelled QEYNTACEYTO.
  1581 | D:3      | Noticed Jessica
  1584 | D:3      | 1584 ||| STAIRDANCE
  1591 | D:2      | HP: 5/20 [goblin/+0 club (3)]
  1592 | D:2      | Reached XP level 4. HP: 4/25 MP: 6/6
  1592 | D:2      | 1592 ||| READING scroll of teleportation.
  1592 | D:2      | HP: 1/25 [goblin/+0 club (4)]
  1608 | D:2      | 1608 ||| FLEEEEING.
  1788 | D:3      | Killed Jessica
  1812 | D:3      | Reached skill level 8 in Ranged Weapons
  1896 | D:3      | 1896 ||| FLEEEEING.
  1897 | D:3      | 1897 ||| FLEEEEING.
  1898 | D:3      | 1898 ||| FLEEEEING.
  1899 | D:3      | 1899 ||| FLEEEEING.
  1900 | D:3      | 1900 ||| FLEEEEING.
  1901 | D:3      | 1901 ||| FLEEEEING.
  1903 | D:3      | 1903 ||| FLEEEEING.
  1904 | D:3      | 1904 ||| FLEEEEING.
  1905 | D:3      | 1905 ||| FLEEEEING.
  1906 | D:3      | 1906 ||| FLEEEEING.
  1914 | D:3      | 1914 ||| FLEEEEING.
  1915 | D:3      | 1915 ||| FLEEEEING.
  1916 | D:3      | 1916 ||| FLEEEEING.
  1980 | D:3      | Noticed a scorpion
  1988 | D:3      | Killed a scorpion
  1989 | D:3      | Reached XP level 5. HP: 26/29 MP: 7/7
  2104 | D:3      | 2104 ||| DRINKING 2 glowing cyan potions.
  2120 | D:4      | Reached skill level 9 in Ranged Weapons
  2187 | D:4      | Noticed an ogre
  2192 | D:4      | Killed an ogre
  2193 | D:4      | Reached skill level 1 in Armour
  2193 | D:4      | Reached XP level 6. HP: 30/35 MP: 8/8
  2363 | D:4      | Noticed a steam dragon
  2365 | D:4      | 2365 ||| Stepping ~*~*~tactically~*~*~ (cloud).
  2366 | D:4      | HP: 1/35 [something/ball of steam (15)]
  2367 | D:4      | 2367 ||| Stepping ~*~*~tactically~*~*~ (cloud).
  2368 | D:4      | 2368 ||| DRINKING potion of heal wounds.
  2374 | D:4      | HP: 8/35 [steam dragon (1)]
  2377 | D:4      | HP: 3/35 [steam dragon (4)]
  2378 | D:4      | Slain by a steam dragon

Levels and vault maps discovered:
D:1:      dpeg_cavernosity, layout_loops_ring,
          shapermc_ecumenical_altar_starsandcircs, minivault_11,
          glass_columns_b, minmay_unequal
D:2:      layout_loops_ring, basic_altar, serial_bayou_ford_a
D:3:      layout_rooms, uniq_jessica
D:4:      layout_basic, nzn_wu_jian_contemplation, dk_noncrumbling_2,
          minmay_misc_feat_diagonals

Skill      XL: |  1  2  3  4  5 |
---------------+----------------+-----
Ranged Weapons | 6 7 8 9 |  9.1
Fighting       | 2 |  2.0
Armour         | 1 |  1.8
Dodging        | |  2.4
Stealth        | |  1.2

Action                     |  1- 3 |  4- 6 || total
---------------------------+-------+-------++-------
   Fire: Shortbow          |   136 |   103 ||   239
    Use: Scroll            |     5 |     1 ||     6
         Potion            |       |     2 ||     2
 Armour: Leather armour    |    23 |       ||    23
         Scale mail        |    15 |    26 ||    41
  Dodge: Dodged            |    59 |    33 ||    92

Table legend:
 A = Non-vault XP
 B = Vault XP
 C = Vault XP percentage of total XP
 D = Non-vault monster count
 E = Vault monster count
 F = Vault count percentage of total count
                 A         B        C        D         E       F
            +---------+---------+-------+---------+---------+-------
      Total |     433 |      42 |   8.8 |      69 |       6 |   8.0
            +---------+---------+-------+---------+---------+-------
        D:1 |      33 |       5 |  13.2 |      18 |       5 |  21.7
        D:2 |      63 |       0 |   0.0 |      21 |       0 |   0.0
        D:3 |     132 |      37 |  21.9 |      17 |       1 |   5.6
        D:4 |     205 |       0 |   0.0 |      13 |       0 |   0.0
            +---------+---------+-------+---------+---------+-------
